 Dungeon Crawl Stone Soup version 0.26.1-2-gb8aa6d0cf2 (webtiles) character file.

Game seed: 10478092464848810373

44 sking99 the Caller (level 3, -5/20 HPs)
             Began as a Tengu Summoner on Feb 20, 2021.
             Slain by a worm (11 damage)
             ... on level 3 of the Dungeon.
             The game lasted 00:06:47 (2628 turns).

sking99 the Caller (Tengu Summoner)                 Turns: 2628, Time: 00:06:47

Health: -5/20      AC:  4    Str:  8    XL:     3   Next: 62%
Magic:  7/7        EV: 12    Int: 16    God:
Gold:   164        SH:  0    Dex: 14    Spells: 1/6 levels left

rFire    . . .     SeeInvis .   j - +0 dagger
rCold    . . .     Faith    .   (no shield)
rNeg     . . .     Spirit   .   a - +0 robe
rPois    .         Reflect  .   (helmet restricted)
rElec    .         Harm     .   (no cloak)
rCorr    .         Rampage  .   h - +1 pair of gloves
Will     .....                  (boots unavailable)
Stlth    +.........             (no amulet)
HPRegen  0.06/turn              (no ring)
MPRegen  0.10/turn              (no ring)

@: very slow
A: beak, talons 3
a: no special abilities


You were on level 3 of the Dungeon.
You visited 1 branch of the dungeon, and saw 3 of its levels.

You collected 164 gold pieces.

Inventory:

Hand Weapons
 j - a +0 dagger (weapon)
Armour
 a - a +0 robe (worn)
 h - a +1 pair of gloves (worn)
Jewellery
 k - an uncursed ring of poison resistance {unknown}
Scrolls
 g - a scroll of teleportation
Potions
 b - a potion of invisibility {unknown}
 c - a potion of mutation {unknown}
 l - a potion of ambrosia {unknown}
 o - a potion of heal wounds {unknown}


   Skills:
 + Level 1.2 Fighting
 - Level 2.1 Dodging
 - Level 2.0 Stealth
 + Level 2.4 Spellcasting
 * Level 5.6 Summonings


You had one spell level left.
You knew the following spells:

 Your Spells              Type           Power        Failure   Level
b - Call Imp              Summ           20%          3%          2
c - Call Canine Familiar  Summ           20%          6%          3

Your spell library contained the following spells:

 Spells                   Type           Power        Failure   Level
 Summon Small Mammal      Summ           80%          1%          1
 Summon Guardian Golem    Hex/Summ       11%          19%         3
 Summon Ice Beast         Ice/Summ       11%          52%         4
 Summon Lightning Spire   Summ/Air       11%          52%         4


Dungeon Overview and Level Annotations

Branches:
Dungeon (3/15)

Altars:
Okawaru
Uskayaw

Portals:
Sewer: D:3


Innate Abilities, Weirdness & Mutations

You have a beak for a mouth.
You have claws for feet.


Message History

The puff of frost hits the giant cockroach!
The giant cockroach dies!
You swap places.
You see here a giant cockroach corpse.
A leopard gecko and a rat come into view.
Found a glowing drain.
A worm comes into view.
Your white imp disappears in a puff of smoke!
The rat barely misses you. The worm bites you!
Ouch! That really hurt!
* * * LOW HITPOINT WARNING * * *
Your unstable footing causes you to fumble your attack.
The leopard gecko hisses angrily.
The rat closely misses you.
Unknown command.
Your unstable footing causes you to fumble your attack.
The rat closely misses you. The worm bites you!
Ouch! That really hurt!
You die...

###**### #### ####
#..,,,.. ##≈≈####≈≈####
#.#***#. #≈≈≈≈≈†≈≈≈≈#.#
#.#####)
##≈≈####§≈##.###.##§.5.
#≈##≈@##≈#.).......##.
#≈#≈rw≈≈≈##.###.......
#≈#≈≈l≈≈≈#..# ########
#≈##≈≈#######
##≈≈####≈≈##########
#≈≈≈≈≈≈≈≈≈≈†.#.....#
##≈≈####≈≈##.......#
####*,#######....=#
*,,,,,,,* #.....#


You could see a worm, a leopard gecko and a rat.

Vanquished Creatures
  An adder (D:2)
  A worm (D:2)
  3 bats
  A giant cockroach (D:3)
  2 goblins
  A frilled lizard (D:2)
  A kobold (D:2)
  5 rats
15 creatures vanquished.

Vanquished Creatures (collateral kills)
  An adder (D:2)
  2 worms
  An orc (D:3)
  2 giant cockroaches (D:3)
  2 goblins (D:1)
  3 frilled lizards
  6 kobolds
  2 rats
19 creatures vanquished.

Vanquished Creatures (others)
  A goblin (D:3)
1 creature vanquished.

Grand Total: 35 creatures vanquished

Notes
Turn   | Place    | Note
-------+----------+-------------------------------------------
     0 | D:1      | sking99 the Tengu Summoner began the quest for the Orb.
     0 | D:1      | Reached XP level 1. HP: 10/10 MP: 4/4
   556 | D:1      | Reached skill level 5 in Summonings
  1013 | D:2      | Reached XP level 2. HP: 16/16 MP: 6/6
  1556 | D:2      | Reached skill level 1 in Fighting
  1556 | D:2      | Reached XP level 3. HP: 16/20 MP: 3/7
  1594 | D:2      | Learned a level 2 spell: Call Imp
  1598 | D:2      | Learned a level 3 spell: Call Canine Familiar
  1616 | D:2      | Found a hide-covered altar of Uskayaw.
  1826 | D:2      | Found an iron altar of Okawaru.
  2622 | D:3      | Found a glowing drain.
  2628 | D:3      | Slain by a worm

Illustrated notes

Levels and vault maps discovered:
D:1:      dpeg_arrival_concentric_ovals, layout_basic, minmay_liquid_box
D:2:      layout_loops_cross, lemuel_coloured_pillars_altar,
          okawaru_metal_pillars_1_2
D:3:      layout_loops_cross, nicolae_overflow_hidden_temple,
          lemuel_doored_altar, gup_sewer_entry_bubbles

Skill      XL: |  1  2 |
---------------+-------+-----
Summonings     | 5 |  5.6
Fighting       | 1 |  1.2
Dodging        | |  2.1
Stealth        | |  2.0
Spellcasting   | |  2.4

Action                   || total
-------------------------++-------
Melee: Dagger            ||    50
       Unarmed           ||     3
       Peck              ||     5
       Kick              ||    12
 Cast: Summon Small Mamm ||    37
       Call Imp          ||    11
  Use: Scroll            ||     7
 Stab: Sleeping          ||     5
Armor: Robe              ||    11
Dodge: Dodged            ||    38
